 Dungeon Crawl Stone Soup version 0.21-a0-642-g5d013b2151 (webtiles) character file.

273 Kaname the Conjurer (level 6, 24/41 HPs)
             Began as a Demonspawn Wizard on Dec 31, 2017.
             Quit the game on level 4 of the Dungeon.
             The game lasted 00:07:34 (2819 turns).

Kaname the Conjurer (Demonspawn Wizard)             Turns: 2819, Time: 00:07:35

Health: 24/41      AC:  3    Str:  7    XL:     6   Next: 3%
Magic:  2/10       EV: 14    Int: 22    God:
Gold:   228        SH:  0    Dex: 11    Spells: 2/11 levels left

rFire    . . .     SeeInvis .   k - +2 short sword (drain)
rCold    . . .     Gourm    .   (no shield)
rNeg     . . .     Faith    .   a - +0 robe
rPois    .         Spirit   .   u - +0 helmet
rElec    .         Reflect  .   (no cloak)
rCorr    .         Harm     .   (no gloves)
MR       .....                  (no boots)
Stlth    +.........             (no amulet)
HPRegen  0.13/turn              (no ring)
MPRegen  0.12/turn              (no ring)

@: mildly poisoned (24 -> 21)
A: hooves 1, repulsion field 1, demonic guardian 1
a: no special abilities


You were on level 4 of the Dungeon.
You were not hungry.

You visited 1 branch of the dungeon, and saw 4 of its levels.

You collected 228 gold pieces.

Inventory:

Hand Weapons
 k - a +2 short sword of draining (weapon)
Missiles
 f - 6 javelins (quivered)
Armour
 a - a +0 robe (worn)
 u - a +0 helmet (worn)
Scrolls
 b - a scroll of magic mapping {unknown}
 g - 2 scrolls of fear {unknown}
 i - a scroll of immolation {unknown}
 j - 4 scrolls of amnesia {unknown}
 n - 3 scrolls of remove curse
 q - 2 scrolls of identify {unknown}
 r - a scroll of random uselessness {unknown}
 s - a scroll of blinking {unknown}
Potions
 e - a potion of magic {unknown}
 h - 2 potions of flight {unknown}
 l - 2 potions of agility {unknown}
 m - 3 potions of heal wounds {unknown}
 o - a potion of invisibility {unknown}
 p - a potion of brilliance {unknown}
 t - 2 potions of curing {unknown}
Comestibles
 c - 5 chunks of flesh
 d - 3 rations


   Skills:
 - Level 1.7 Dodging
 - Level 1.7 Stealth
 - Level 3.0 Spellcasting
 + Level 5.6 Conjurations
   Level 1.0 Summonings
 - Level 1.1 Translocations
 - Level 1.0 Air Magic
 - Level 1.0 Poison Magic


You had 2 spell levels left.
You knew the following spells:

 Your Spells              Type           Power        Failure   Level  Hunger
a - Magic Dart            Conj           ####         1%          1    None
b - Blink                 Tloc           N/A          12%         2    ##.....
c - Mephitic Cloud        Conj/Pois/Air  ##......     13%         3    ###....
d - Conjure Flame         Conj/Fire      ###.....     12%         3    ###....


Dungeon Overview and Level Annotations

Branches:
Dungeon (4/15)
 Temple: D:4-7

Altars:
Dithmenos


Innate Abilities, Weirdness & Mutations

You have large cloven feet.
You are surrounded by a mild repulsion field. (EV +2)
A weak demonic guardian rushes to your aid.


Message History

Aiming: Magic Dart
Press: ? - help, Shift-Dir - straight line, f/p - worker ant
Aim: a worker ant (severely wounded)
The magic dart hits the worker ant.
The worker ant is almost dead.
The worker ant bites you.
Casting: Magic Dart
Confirm with . or Enter, or press ? or * to list all spells.
Aiming: Magic Dart
Press: ? - help, Shift-Dir - straight line, f/p - worker ant
Aim: a worker ant (almost dead)
The magic dart hits the worker ant.
You kill the worker ant!
You have reached level 6!
Your experience leads to an increase in your attributes!
Increase (S)trength, (I)ntelligence, or (D)exterity?
You feel clever.
Your demonic ancestry asserts itself...
You begin to radiate repulsive energy.
You feel sick.
Are you sure you want to abandon this character and quit the game? (Confirm with "yes".)

#. . .### # ... ..##.
..#####..##.######
#................#
#†.........≈.....#
#@.........≈.....#
#....§§§.≈≈≈.....#
#...§.§§§≈≈≈≈.....
##...§§§§≈≈≈≈.....
#...§§§§≈§≈≈≈...#
#..≈§§§§≈≈§≈≈...#
#.≈§≈§§§≈≈§≈≈≈≈.#
###.#####...§§§§≈≈≈≈≈...#
..............≈≈≈≈≈.....#


There were no monsters in sight!

Vanquished Creatures
  The ghost of Roilegan the Shield-Bearer, an amateur MiFi (D:3)
  An orc wizard (D:4)
  An iguana (D:3)
  A worker ant (D:4)
  5 adders
  2 oozes
  A worm (D:2)
  3 dart slugs
  4 leopard geckos
  5 orcs
  4 giant cockroaches
  3 goblins (D:1)
  11 hobgoblins
  2 quokkas
  A ball python (D:1)
  2 bats
  2 frilled lizards
  5 kobolds
  7 rats
61 creatures vanquished.

Notes
Turn   | Place    | Note
-------+----------+-------------------------------------------
     0 | D:1      | Kaname the Demonspawn Wizard began the quest for the Orb.
     0 | D:1      | Reached XP level 1. HP: 13/13 MP: 4/4
   248 | D:1      | Reached skill level 2 in Conjurations
   337 | D:1      | Gained mutation: You have large cloven feet. [demonic ancestry]
   337 | D:1      | Reached XP level 2. HP: 12/19 MP: 4/6
   343 | D:1      | Learned a level 2 spell: Blink
   774 | D:2      | Reached skill level 3 in Conjurations
   790 | D:2      | Reached skill level 1 in Translocations
   790 | D:2      | Gained mutation: A weak demonic guardian rushes to your aid. [demonic ancestry]
   790 | D:2      | Reached XP level 3. HP: 21/24 MP: 0/7
   795 | D:2      | Learned a level 3 spell: Mephitic Cloud
   991 | D:2      | Reached skill level 1 in Air Magic
  1258 | D:2      | Reached skill level 1 in Poison Magic
  1567 | D:3      | Reached XP level 4. HP: 13/30 MP: 2/8
  1597 | D:3      | Learned a level 3 spell: Conjure Flame
  1701 | D:3      | Noticed Roilegan's ghost (amateur MiFi)
  1920 | D:3      | Found a shadowy altar of Dithmenos.
  2029 | D:3      | Killed Roilegan's ghost
  2029 | D:3      | Reached skill level 4 in Conjurations
  2029 | D:3      | Reached XP level 5. HP: 10/35 MP: 0/9
  2237 | D:3      | Reached skill level 5 in Conjurations
  2818 | D:4      | Gained mutation: You are surrounded by a mild repulsion field. (EV +2) [demonic ancestry]
  2818 | D:4      | Reached XP level 6. HP: 25/41 MP: 1/10
  2819 | D:4      | Quit the game

Vault maps used:
D:1:      scummos_arrival_checkerplants
D:2:      first_ration, chequers_big_river
D:3:      nicolae_dithmenos_through_a_glass_darkly
D:4:      kennysheep_mini_moat, kennysheep_pointless_box, grunt_ministairs_11,
          hangedman_glass_teeth, lemuel_old_faithful

Skill      XL: |  1  2  3  4  5 |
---------------+----------------+-----
Conjurations   | 2 3 4 5 |  5.6
Translocations | 1 |  1.1
Air Magic      | 1 |  1.0
Poison Magic   | 1 |  1.0
Dodging        | |  1.7
Stealth        | |  1.7
Spellcasting   | |  3.0
Summonings     | |  1.0

Action                   |  1- 3 |  4- 6 || total
-------------------------+-------+-------++-------
Melee: Spear             |     6 |       ||     6
       Short sword       |    38 |    41 ||    79
       Kick              |     7 |     8 ||    15
 Cast: Magic Dart        |    49 |    69 ||   118
       Conjure Flame     |       |     1 ||     1
  Use: Scroll            |       |     1 ||     1
 Stab: Sleeping          |     7 |       ||     7
  Eat: Chunk             |     2 |     4 ||     6
Armor: Robe              |     1 |     5 ||     6
Dodge: Dodged            |    24 |    25 ||    49

Table legend:
 A = Spawn XP
 B = Non-spawn XP
 C = Spawn XP percentage of total XP
 D = Spawn monster count
 E = Non-spawn monster count
 F = Spawn count percentage of total count
 G = Total turns spent on level
                    A         B        C        D         E        F      G
               +---------+---------+-------+---------+---------+-------+---------
         Total |       0 |     391 |   0.0 |       0 |      61 |   0.0 |  2819
               +---------+---------+-------+---------+---------+-------+---------
           D:1 |       0 |      33 |   0.0 |       0 |      18 |   0.0 |   738
           D:2 |       0 |      50 |   0.0 |       0 |      16 |   0.0 |   843
           D:3 |       0 |     208 |   0.0 |       0 |      19 |   0.0 |   935
           D:4 |       0 |     100 |   0.0 |       0 |       8 |   0.0 |   303
               +---------+---------+-------+---------+---------+-------+---------
